 Dungeon Crawl Stone Soup version 0.17.0-28-g6e173f8 (webtiles) character file.

50 Goldry the Skirmisher (level 3, 0/34 HPs)
             Began as a Minotaur Berserker on Nov 30, 2015.
             Was a Follower of Sif Muna.
             Killed by divine providence
             ... invoked by an orc priest
              (9 damage)
             ... on level 3 of the Dungeon.
             The game lasted 00:17:33 (1512 turns).

Goldry the Skirmisher (Minotaur Berserker)          Turns: 1512, Time: 00:17:33

Health: 0/34       AC:  3    Str: 22    XL:     3   Next: 55%
Magic:  2/2        EV: 12    Int:  4    God:    Sif Muna [*.....]
Gold:   97         SH:  0    Dex:  9    Spells: 0 memorised, 2 levels left

rFire  . . .     SeeInvis .     o - +1 dagger (speed)
rCold  + . .     Clarity  .     c - +0 leather armour {wear}
rNeg   . . .     SustAt   .     (no shield)
rPois  .         Gourm    .     (helmet restricted)
rElec  .         Spirit   .     (no cloak)
rCorr  .         Warding  .     (no gloves)
rMut   .         Stasis   .     (no boots)
MR     .....                    (no amulet)
Stlth  +.........               (no ring)
                                u - ring of protection from cold

@: exhausted, slowed, very slow, not resistant to hostile enchantments, very
unstealthy
A: retaliatory headbutt, horns 2
a: Channel Energy, Renounce Religion


You were on level 3 of the Dungeon.
You worshipped Sif Muna.
Sif Muna was aware of your devotion.
You were not hungry.

You visited 1 branch of the dungeon, and saw 3 of its levels.

You collected 97 gold pieces.

Inventory:

Hand Weapons
 a - a +0 hand axe
 f - a +0 hunting sling
 o - a +1 dagger of speed (weapon)
 r - a +0 flail
Missiles
 e - 16 arrows
 s - 84 stones (quivered)
 v - 17 bolts
Armour
 b - a +0 animal skin
 c - a +0 leather armour (worn) {wear}
 j - a +0 ring mail
 m - a +0 robe
 q - a +0 ring mail
Jewellery
 u - a ring of protection from cold (left hand)
Scrolls
 k - a scroll of remove curse {unknown}
 l - a scroll of recharging {unknown}
 n - 2 scrolls of magic mapping {unknown}
 t - 2 scrolls of identify {unknown}
 y - a scroll of amnesia {unknown}
Potions
 d - 2 potions of curing
 h - 2 potions of agility {unknown}
 i - a potion of degeneration {unknown}
 p - a potion of lignification {unknown}
 x - a potion of flight {unknown}
Comestibles
 w - a royal jelly
 z - a beef jerky


   Skills:
 + Level 4.6 Fighting
 + Level 4.1 Axes
 + Level 2.7 Armour
 + Level 2.6 Dodging
 + Level 0.1 Stealth


You had 2 spell levels left.
You didn't know any spells.

Dungeon Overview and Level Annotations

Branches:
Dungeon (3/15)

Altars:
Sif Muna


Innate Abilities, Weirdness & Mutations

You reflexively headbutt those who attack you in melee.
You have a pair of horns on your head.


Message History

Aim: an orc priest, wielding a falchion Oops!
There was something there already!
You blink.
As you read the scroll labeled SIAXKO JYEMO, it crumbles to dust.
It was a scroll of blinking.
You hit the orc. You headbutt the orc, but do no damage.
The orc is heavily wounded.
The orc hits you with a mace!
You closely miss the orc. Your headbutt misses the orc.
The orc is heavily wounded.
The orc hits you with a mace.
You closely miss the orc. Your headbutt misses the orc.
The orc is heavily wounded.
The orc hits you with a short sword.
* * * LOW HITPOINT WARNING * * *
The orc barely misses you. You furiously retaliate!
You headbutt the orc.
You kill the orc!
The orc priest mumbles some strange prayers to Beogh against you.
Something smites you!
You die...

############
#########..........#
##.........########.#
#..........##### #.####
#..............####.....
###..............>.......#
#.......#.o.......###.....
#.......o@........###.....
#........o........#.......
#.................#.......
#.................#.....##
#....#....................
#.........................
#.........................
#.................)##.....
#.......o..#.......##.....


You could see an orc priest and 2 orcs.

Vanquished Creatures
  An adder (D:2)
  A worm (D:3)
  A giant gecko (D:1)
  An orc (D:3)
  A ball python (D:1)
  A giant cockroach (D:1)
  6 goblins
  5 hobgoblins
  3 quokkas
  4 bats
  A giant newt (D:1)
  A jackal skeleton (D:3)
  2 kobolds
  7 rats (D:1)
35 creatures vanquished.

Notes
Turn   | Place    | Note
--------------------------------------------------------------
     0 | D:1      | Goldry the Minotaur Berserker began the quest for the Orb.
     0 | D:1      | Reached XP level 1. HP: 19/19 MP: 0/0
   195 | D:1      | Reached XP level 2. HP: 22/27 MP: 1/1
   247 | D:1      | Reached skill level 4 in Fighting
   963 | D:2      | Reached ** piety under Trog
  1085 | D:2      | Reached XP level 3. HP: 29/34 MP: 2/2
  1304 | D:3      | Found a faded altar to an unknown god.
  1324 | D:3      | Fell from the grace of Trog
  1324 | D:3      | Became a worshipper of Sif Muna the Loreminder
  1324 | D:3      | Reached * piety under Sif Muna
  1512 | D:3      | Killed from afar by an orc priest

Action                   || total
-------------------------++-------
Melee: Hand axe          ||    31
       Dagger            ||    46
Invok: Trog's Hand       ||     1
       Channel Energy    ||     1
  Use: Scroll            ||     1
       Potion            ||     1
  Eat: Bread ration      ||     1
